 Dungeon Crawl Stone Soup version 0.22-a0-480-g991dd4b (webtiles) character file.

6818 Gildeon the Geomancer (level 11, -4/63 HPs)
             Began as a Gargoyle Earth Elementalist on June 15, 2018.
             Was a Priest of Sif Muna.
             Slain by a five-headed hydra (13 damage)
             ... on level 9 of the Dungeon.
             The game lasted 01:19:05 (8670 turns).

Gildeon the Geomancer (Gargoyle Earth Elementalist) Turns: 8670, Time: 01:19:07

Health: -4/63      AC: 14    Str: 13    XL:     11   Next: 5%
Magic:  15/27      EV: 14    Int: 18    God:    Sif Muna [***...]
Gold:   334        SH:  0    Dex: 12    Spells: 5/20 levels left

rFire    + . .     SeeInvis .   a - +4 whip (elec)
rCold    . . .     Gourm    .   (no shield)
rNeg     + . .     Faith    .   c - +0 robe
rPois    ∞         Spirit   .   q - +0 helmet (curse)
rElec    +         Reflect  +   o - +2 cloak
rCorr    .         Harm     .   (no gloves)
MR       .....                  (no boots)
Stlth    +.........             n - +4 amulet of reflection
HPRegen  0.20/turn              f - ring of magical power
MPRegen  0.20/turn              s - ring of protection from fire

@: confused, very slightly contaminated
A: agile 1, negative energy resistance 1, sense surroundings 1, electricity
resistance, unbreathing, petrification resistance, rot immunity, AC +8
a: Divine Energy, Channel Magic, Renounce Religion


You were on level 9 of the Dungeon.
You worshipped Sif Muna.
Sif Muna was most pleased with you.
You were not hungry.

You visited 2 branches of the dungeon, and saw 10 of its levels.

You collected 509 gold pieces.
You spent 175 gold pieces at shops.

Inventory:

Hand Weapons
 a - a +4 whip of electrocution (weapon)
Missiles
 k - 34 stones (quivered)
Armour
 c - a +0 robe (worn)
 o - a +2 cloak (worn)
 q - a cursed +0 helmet (worn)
Magical Staves
 t - an uncursed staff of cold
Jewellery
 e - an uncursed ring of ice
 f - a ring of magical power (left hand)
 n - a +4 amulet of reflection (around neck)
 s - a ring of protection from fire (right hand)
 v - an uncursed ring of protection from cold
Wands
 r - a wand of iceblast (9)
Scrolls
 j - 3 scrolls of remove curse
 m - 4 scrolls of teleportation
 p - a scroll of identify
Potions
 g - 2 potions of flight
 h - a potion of resistance
 i - 5 potions of curing
 l - 2 potions of ambrosia
Comestibles
 b - 3 chunks of flesh
 d - 13 rations


   Skills:
 - Level 5.0 Fighting
 + Level 3.9 Maces & Flails
 - Level 5.0 Armour
 - Level 5.0 Dodging
 + Level 5.0 Stealth
 * Level 5.0 Spellcasting
 - Level 5.0 Conjurations
 - Level 5.0 Transmutations
 * Level 8.8 Earth Magic
 + Level 4.8 Invocations
 + Level 3.1 Evocations


You had 5 spell levels left.
You knew the following spells:

 Your Spells              Type           Power        Failure   Level  Hunger
a - Sandblast             Erth           #####.       1%          1    None
b - Passwall              Tmut/Erth      ####....     1%          2    #......
c - Stone Arrow           Conj/Erth      ####..       2%          3    ##.....
d - Petrify               Tmut/Erth      ####....     8%          4    ####...
e - Lee's Rapid Deconstr  Erth           #####.....   10%         5    ######.

Your spell library contained the following spells:

 Spells                   Type           Power        Failure   Level  Hunger


Dungeon Overview and Level Annotations

Branches:
Dungeon (9/15)             Temple (1/1) D:4
   Lair: D:8-11         Orc: D:9-12

Altars:
Ashenzari
Cheibriados
Dithmenos
Elyvilon
Fedhas
Hepliaklqana
Kikubaaqudgha
Makhleb
Nemelex Xobeh
Okawaru
Qazlal
Ru
Sif Muna
Trog
Uskayaw
Wu Jian
Xom
The Shining One

Shops:
D:4 *   D:7 (   D:9 *


Innate Abilities, Weirdness & Mutations

You are resistant to torment.
Your stone body is resilient. (AC +8)
You are immune to poison.
You resist negative energy. (rN+)
You are resistant to electric shocks. (rElec)
You can survive without breathing.
You are immune to petrification.
You are immune to rotting.
You are agile. (Dex +2)
You passively map a small area around you.


Message History

Aim: a five-headed hydra (severely wounded)
The stone arrow hits the five-headed hydra.
The five-headed hydra is severely wounded.
The five-headed hydra bites you!
The five-headed hydra bites you but does no damage.
The five-headed hydra bites you.
* * * LOW HITPOINT WARNING * * *
The five-headed hydra bites you but does no damage.
The five-headed hydra bites you.
* * * LOW HITPOINT WARNING * * *
Okay, then.
Okay, then.
Okay, then.
You are confused.
You feel invigorated.
The five-headed hydra barely misses you.
The five-headed hydra bites you.
* * * LOW HITPOINT WARNING * * *
The five-headed hydra bites you!
You die...

#..................
#..................
#..................
#..................
#...........#######
#...........'......
#...######..#......
##..'....#..#.###'#
#@.#....#..#.#....
##D.#.<..#..#.#....
#...#....#..#.#....
#...#....#..#.#####
#...######..#......
#...........#......
#...........#####..
*
#...............#..
*
,................##'


You could see a five-headed hydra.

Vanquished Creatures
  2 two-headed ogres
  Pikel (D:5)
  A hippogriff (D:9)
  Edmund (D:6)
  Duvessa (D:4)
  4 ice beasts
  A slave (D:5)
  5 phantoms
  4 orc warriors
  2 ogres
  4 centaurs
  A big kobold (D:7)
  5 bullfrogs
  A wyvern zombie (D:8)
  A gnoll sergeant (D:9)
  Dowan (D:3)
  A wyvern skeleton (D:8)
  11 killer bees
  3 scorpions
  A water moccasin skeleton (D:8)
  5 howler monkeys
  A bullfrog zombie (D:5)
  2 crimson imps
  A centaur skeleton (D:4)
  6 hounds
  A bullfrog skeleton (D:9)
  8 orc priests
  Crazy Yiuf (D:2)
  2 jellies
  11 orc wizards
  An iguana (D:7)
  11 worker ants
  A killer bee zombie (D:9)
  Robin (D:4)
  4 gnolls (D:9)
  A howler monkey zombie (D:7)
  10 adders
  2 shadow imps
  2 adder skeletons
  3 worms
  3 dart slugs
  2 leopard geckos
  35 orcs
  A ball python (D:1)
  3 giant cockroaches
  17 goblins
  8 hobgoblins
  12 jackals
  2 quokkas
  8 bats
  4 frilled lizards
  A giant cockroach zombie (D:5)
  14 kobolds
  A leopard gecko zombie (D:4)
  2 quokka skeletons
  13 rats
251 creatures vanquished.

Vanquished Creatures (others)
  A worm (D:5)
  An orc (D:5)
  A goblin (D:4)
3 creatures vanquished.

Grand Total: 254 creatures vanquished

Notes
Turn   | Place    | Note
-------+----------+-------------------------------------------
     0 | D:1      | Gildeon the Gargoyle Earth Elementalist began the quest for the Orb.
     0 | D:1      | Reached XP level 1. HP: 10/10 MP: 3/3
   124 | D:1      | Reached XP level 2. HP: 15/15 MP: 3/5
   264 | D:1      | Learned a level 2 spell: Passwall
   509 | D:1      | Reached skill level 1 in Armour
   509 | D:1      | Reached XP level 3. HP: 15/20 MP: 0/6
   535 | D:1      | Learned a level 3 spell: Stone Arrow
   558 | D:1      | Reached skill level 1 in Transmutations
   958 | D:1      | Found a shattered altar of Ashenzari.
  1059 | D:2      | Found a white marble altar of Elyvilon.
  1083 | D:2      | Reached skill level 4 in Earth Magic
  1152 | D:2      | Found an ornate altar of the Wu Jian Council.
  1152 | D:2      | Found a sacrificial altar of Ru.
  1153 | D:2      | Found an ancient bone altar of Kikubaaqudgha.
  1265 | D:2      | Found a runed door.
  1341 | D:2      | Found a shimmering altar of Xom.
  1397 | D:2      | Reached skill level 1 in Fighting
  1397 | D:2      | Reached XP level 4. HP: 23/25 MP: 2/7
  1515 | D:2      | Found a glowing golden altar of the Shining One.
  1516 | D:2      | Found a sparkling altar of Nemelex Xobeh.
  2166 | D:2      | Noticed Crazy Yiuf
  2172 | D:2      | Killed Crazy Yiuf
  2172 | D:2      | Reached XP level 5. HP: 13/29 MP: 2/9
  2578 | D:4      | Noticed an ogre
  2691 | D:3      | Reached XP level 6. HP: 19/35 MP: 1/10
  2700 | D:3      | Learned a level 4 spell: Petrify
  2733 | D:4      | Reached skill level 1 in Conjurations
  2857 | D:4      | Found a burning altar of Makhleb.
  2931 | D:4      | Noticed Duvessa
  2958 | D:4      | Noticed Dowan
  3062 | D:4      | Reached skill level 5 in Earth Magic
  3138 | D:4      | Reached XP level 7. HP: 40/40 MP: 6/12
  3286 | D:4      | Found Itillemi's Assorted Antiques.
  3302 | D:4      | Bought a scroll of identify for 62 gold pieces
  3302 | D:4      | Bought a scroll of identify for 62 gold pieces
  3368 | D:4      | Killed Duvessa
  3569 | D:4      | Reached skill level 1 in Maces & Flails
  3584 | D:4      | Noticed Robin
  3759 | D:4      | Found a staircase to the Ecumenical Temple.
  3763 | Temple   | Entered the Ecumenical Temple
  3877 | Temple   | Became a worshipper of Sif Muna the Loreminder
  4000 | D:5      | Entered Level 5 of the Dungeon
  4190 | D:5      | Reached XP level 8. HP: 45/45 MP: 5/14
  4197 | D:5      | Learned a level 5 spell: Lee's Rapid Deconstruction
  4219 | D:5      | Noticed Pikel
  4272 | D:5      | Killed Pikel
  4679 | D:5      | Gained mutation: You passively map a small area around you. [potion of mutation]
  4679 | D:5      | Gained mutation: You are agile. (Dex +2) [potion of mutation]
  4777 | D:5      | Reached XP level 9. HP: 51/51 MP: 3/16
  4805 | D:5      | Reached * piety under Sif Muna
  5055 | D:4      | Killed Robin
  5144 | D:3      | Killed Dowan
  5144 | D:3      | Reached skill level 5 in Spellcasting
  5534 | D:6      | Reached skill level 5 in Conjurations
  5609 | D:6      | Reached skill level 5 in Stealth
  5717 | D:6      | Noticed Edmund
  5742 | D:6      | Reached skill level 1 in Invocations
  5863 | D:6      | Killed Edmund
  6017 | D:7      | Reached skill level 5 in Transmutations
  6229 | D:7      | Reached ** piety under Sif Muna
  6321 | D:7      | Found Wofoesia's Weapon Boutique.
  6593 | D:7      | Reached XP level 10. HP: 43/58 MP: 1/17
  6688 | D:7      | Reached skill level 6 in Earth Magic
  6980 | D:8      | Reached skill level 5 in Armour
  6982 | D:8      | Reached skill level 1 in Evocations
  6986 | D:8      | Reached skill level 5 in Fighting
  7479 | D:8      | Found a stormy altar of Qazlal.
  7614 | D:8      | Reached skill level 7 in Earth Magic
  7943 | D:9      | Noticed a two-headed ogre
  7947 | D:9      | Reached *** piety under Sif Muna
  8134 | D:8      | Killed a two-headed ogre
  8134 | D:8      | Reached skill level 8 in Earth Magic
  8180 | D:9      | Noticed a five-headed hydra
  8381 | D:9      | Found Xudem's General Store.
  8413 | D:9      | Bought 13 stones for 15 gold pieces
  8413 | D:9      | Bought 10 stones for 12 gold pieces
  8413 | D:9      | Bought a scroll of identify for 24 gold pieces
  8441 | D:9      | Reached skill level 5 in Dodging
  8544 | D:9      | Noticed a two-headed ogre
  8564 | D:9      | Killed a two-headed ogre
  8564 | D:9      | Reached XP level 11. HP: 63/63 MP: 14/18
  8670 | D:9      | Slain by a five-headed hydra

Vault maps used:
D:1:      mrwooster_arrival_arrow, nicolae_ashenzari_panopticon
D:2:      elyvilon_altar_4, overflow_temple_1_default,
          nicolae_overflow_hidden_temple, uniq_crazy_yiuf_cottage
D:3:      first_ration
D:4:      nicolae_overflow_crystal_walls, temple_statues, serial_shops,
          kennysheep_mini_moat, grunt_ministairs_2, minivault_14,
          hangedman_decor_lopped, kennysheep_generic_room_14, uniq_duvessa,
          uniq_robin
D:5:      uniq_pikel
D:6:      kb_forest_paths, uniq_edmund
D:7:      serial_shops, shop
D:8:      kennysheep_mini, kennysheep_generic_room_7
D:9:      serial_shops, shop
Temple:   nicolae_temple_figure_eight

Skill      XL: |  1  2  3  4  5  6  7  8  9 10 |
---------------+-------------------------------+-----
Armour         | 1 2 3 4 5 |  5.0
Transmutations | 1 2 3 5 |  5.0
Earth Magic    | 4 5 8 |  8.8
Fighting       | 1 2 3 4 5 |  5.0
Dodging        | 2 3 4 5 |  5.0
Spellcasting   | 3 4 5 |  5.0
Stealth        | 3 4 5 |  5.0
Conjurations   | 1 3 4 5 |  5.0
Maces & Flails | 1 3 |  3.9
Invocations    | 2 4 |  4.8
Evocations     | 3 |  3.1

Action                   |  1- 3 |  4- 6 |  7- 9 | 10-12 || total
-------------------------+-------+-------+-------+-------++-------
Melee: Unarmed           |     1 |       |       |       ||     1
       Whip              |    30 |    49 |   197 |    93 ||   369
 Cast: Sandblast         |    48 |    71 |   135 |    78 ||   332
       Stone Arrow       |       |     1 |    51 |    40 ||    92
       Passwall          |       |     1 |       |     2 ||     3
       Lee's Rapid Decon |       |       |       |     3 ||     3
       Petrify           |       |       |       |     3 ||     3
  Use: Scroll            |     3 |     3 |    16 |     3 ||    25
       Potion            |       |       |     4 |     6 ||    10
 Stab: Sleeping          |     4 |     3 |     4 |     2 ||    13
       Petrified         |       |       |       |     3 ||     3
       Invisible         |       |       |       |     1 ||     1
  Eat: Chunk             |     3 |     3 |    11 |     3 ||    20
       Ration            |       |     1 |     1 |     2 ||     4
Armor: Robe              |    13 |    24 |   101 |    64 ||   202
Dodge: Dodged            |    38 |    68 |   179 |   109 ||   394
Block: Other             |     5 |    22 |    62 |    35 ||   124
       Reflection        |     1 |       |     2 |       ||     3

Table legend:
 A = Spawn XP
 B = Non-spawn XP
 C = Spawn XP percentage of total XP
 D = Spawn monster count
 E = Non-spawn monster count
 F = Spawn count percentage of total count
 G = Total turns spent on level
                    A         B        C        D         E        F      G
               +---------+---------+-------+---------+---------+-------+---------
         Total |       0 |    9741 |   0.0 |       0 |     251 |   0.0 |  8670
               +---------+---------+-------+---------+---------+-------+---------
           D:1 |       0 |      51 |   0.0 |       0 |      31 |   0.0 |  1028
           D:2 |       0 |      94 |   0.0 |       0 |      19 |   0.0 |   865
           D:3 |       0 |     258 |   0.0 |       0 |      22 |   0.0 |  1003
           D:4 |       0 |     854 |   0.0 |       0 |      40 |   0.0 |  1261
           D:5 |       0 |    1429 |   0.0 |       0 |      21 |   0.0 |   909
           D:6 |       0 |    1104 |   0.0 |       0 |      23 |   0.0 |   801
           D:7 |       0 |    1036 |   0.0 |       0 |      28 |   0.0 |   940
           D:8 |       0 |    3046 |   0.0 |       0 |      45 |   0.0 |  1175
           D:9 |       0 |    1869 |   0.0 |       0 |      22 |   0.0 |   542
               +---------+---------+-------+---------+---------+-------+---------
